AoeStats
← duke of downend

Arena

510179878Analyzed
1v1 RM · 1d ago on Sep 29, 2026· 33m 54s· 2 players
Game mode
Random Map
Map size
Tiny (2 player)
Population
200
Speed
Normal
Resources
Standard
Victory
Conquest
Starting age
Dark Age
Ending age
Imperial Age
RankedLock teamsTeams togetherTeam positionsShared explorationLock speedFull tech treeHidden civsTurbo modeCheats
Victory
Defeat
🇬🇧 Khmer · United Kingdom
635
+18
🇦🇷 Mongols · Argentina
668
-18
duke of downend
5:40 Loom
11:21 Feudal Age
12:55 Double-Bit Axe
12:52 Horse Collar
20:59 Castle Age
19:02 Gold Mining
19:07 Stone Mining
20:52 Wheelbarrow
21:20 Fletching
21:40 Forging
22:26 Crossbowman
23:38 Bow Saw
23:58 Bodkin Arrow
23:31 Man-at-Arms
24:01 Arson
23:44 Pikeman
23:48 Elite Skirmisher
25:08 Heavy Plow
25:54 Iron Casting
25:23 Long Swordsman
29:34 Imperial Age
28:02 Wheelbarrow
31:36 Bracer
34:12 Double Crossbow
MataGato
7:01 Loom
9:22 Feudal Age
10:11 Double-Bit Axe
11:44 Wheelbarrow
18:30 Castle Age
17:06 Gold Mining
17:08 Stone Mining
17:35 Fletching
19:23 Bow Saw
20:05 Gold Shaft Mining
21:27 Bodkin Arrow
27:12 Thumb Ring
29:50 Ballistics
33:53 Imperial Age
Connection lost

Rejoining the realm…

Still unreachable

The connection could not be restored.

Session expired

The server has moved on; the page needs a fresh start.